 Dungeon Crawl Stone Soup version 0.31-a0-1236-gaa9e43cceb (webtiles) character file.

Game seed: 11637396205273912788

10535 MacCMillion the Cleaver (level 11, -5/99 HPs)
             Began as a Minotaur Fighter on Dec 15, 2023.
             Was a Believer of Qazlal.
             Slain by an eight-headed hydra (9 damage)
             ... on level 10 of the Dungeon.
             The game lasted 00:17:33 (11399 turns).

MacCMillion the Cleaver (Minotaur Fighter)         Turns: 11399, Time: 00:17:34

Health: -5/99      AC: 14    Str: 25    XL:     11   Next: 37%
Magic:  12/12      EV:  7    Int:  5    God:    Qazlal [**....]
Gold:   719        SH: 12    Dex: 10    Spells: 10/10 levels left

rFire   . . .        R - +4 mace
rCold   + . .        L - +0 kite shield
rNeg    . . .        F - +0 plate armour
rPois   .            (helmet restricted)
rElec   .            (no cloak)
rCorr   .            (no gloves)
SInv    .            (no boots)
Will    .....        i - amulet of the acrobat Stlth
                     n - ring of protection from cold
HPRegen 0.36/turn    (no ring)
MPRegen 0.13/turn

%: acrobat
@: studying Dodging
A: horns 2, retaliatory headbutt
a: Renounce Religion, Upheaval


You were on level 10 of the Dungeon.
You worshipped Qazlal.
Qazlal was pleased with you.
You visited 3 branches of the dungeon, and saw 14 of its levels.

You collected 763 gold pieces.
You spent 44 gold pieces at shops.

Inventory:

Hand Weapons
 a - a +0 war axe
 v - the +4 trident of Dugeatij {vamp, ^Fragile rC+ Int+6 Stlth+}
   (You found it on level 5 of the Dungeon)

   Int+6:     It affects your intelligence (+6).
   rC+:       It protects you from cold.
   ^Fragile:  It will be destroyed if unequipped.
   Stlth+:    It makes you more stealthy.
 D - a +0 broad axe
 R - a +4 mace (weapon)
Missiles
 p - 6 atropa-tipped darts
 C - 3 boomerangs
 G - 28 poisoned darts
 O - a curare-tipped dart
Armour
 c - a +0 buckler
 F - a +0 plate armour (worn)
 L - a +0 kite shield (worn)
Jewellery
 i - an amulet of the acrobat (around neck)
 n - a ring of protection from cold (left hand)
 r - a +4 ring of protection
 u - a ring of wizardry
 y - the amulet "Agummei" {RegenMP Int+5}
   (You found it on level 5 of the Dungeon)

   [amulet of magic regeneration]

   RegenMP:   It increases your rate of magic regeneration.
   Int+5:     It affects your intelligence (+5).
 Q - a +4 ring of protection
Wands
 b - a wand of quicksilver (17)
 g - a wand of polymorph (6)
 H - a wand of charming (16)
 N - a wand of flame (10)
Scrolls
 e - 10 scrolls of teleportation
 j - 3 scrolls of poison
 k - a scroll of vulnerability
 m - a scroll of blinking
 q - a scroll of noise
 s - a scroll of butterflies
 x - 2 scrolls of fear
 B - a scroll of enchant weapon
 I - a scroll of immolation {unknown}
 J - a scroll of fog {unknown}
 M - a scroll of identify
 P - a scroll of amnesia {unknown}
Potions
 d - 3 potions of might
 f - 5 potions of brilliance
 h - 3 potions of attraction
 l - 2 potions of degeneration {unknown}
 o - 6 potions of heal wounds
 t - a potion of lignification {unknown}
 w - 2 potions of invisibility
 z - a potion of resistance {unknown}
 A - a potion of haste {unknown}
 E - 5 potions of curing {unknown}
 K - a potion of mutation {unknown}


   Skills:
 - Level 10.0 Fighting
 + Level 14.5 Axes
 - Level 10.0 Armour
 - Level 3.0 Dodging
 + Level 8.8 Shields
 - Level 3.0 Invocations


You had 10 spell levels left.
You didn't know any spells.
Your spell library contained the following spells:

 Spells                   Type           Power      Damage    Failure   Level
 Magic Dart               Conj           0%         1d3       100%        1
 Necrotise                Necr           0%         1d4       100%        1
 Slow                     Hex            0%         N/A       100%        1
 Summon Small Mammal      Summ           0%         N/A       100%        1
 Blink                    Tloc           0%         N/A       100%        2
 Call Imp                 Summ           0%         N/A       100%        2
 Ensorcelled Hibernation  Hex/Ice        0%         N/A       100%        2
 Lesser Beckoning         Tloc           0%         N/A       100%        2
 Momentum Strike          Conj/Tloc      0%         3d8       100%        2
 Passwall                 Tmut/Erth      0%         N/A       100%        2
 Static Discharge         Conj/Air       0%         3-3/arc   100%        2
 Call Canine Familiar     Summ           0%         N/A       100%        3
 Confusing Touch          Hex            0%         N/A       100%        3
 Gell's Gravitas          Tloc           0%         N/A       100%        3
 Mephitic Cloud           Conj/Pois/Air  0%         N/A       100%        3
 Sigil of Binding         Hex            0%         N/A       100%        3
 Summon Guardian Golem    Hex/Summ       0%         N/A       100%        3
 Swiftness                Air            0%         N/A       100%        3
 Teleport Other           Tloc           0%         N/A       100%        3
 Vampiric Draining        Necr           0%         2d6       100%        3
 Airstrike                Air            0%         2d(0-16)  100%        4
 Leda's Liquefaction      Hex/Erth       0%         N/A       100%        4
 Summon Lightning Spire   Summ/Air       0%         N/A       100%        4
 Agony                    Necr           0%         N/A       100%        5
 Lee's Rapid Deconstruct  Erth           0%         3d4*      100%        5
 Bombard                  Conj/Erth      0%         9d1       100%        6


Dungeon Overview and Level Annotations

Branches:
Dungeon (12/15)            Temple (1/1) D:4            Lair (1/5) D:10
    Orc (0/2) D:11

Altars:
Ashenzari
Cheibriados
Dithmenos
Elyvilon
Fedhas
Gozag
Hepliaklqana
Kikubaaqudgha
Makhleb
Nemelex Xobeh
Okawaru
Qazlal
Ru
Sif Muna
Trog
Uskayaw
Vehumet
Wu Jian
Xom
Yredelemnul
Zin
The Shining One

Shops:
D:7 (   D:10 :

Annotations:
D:3 Grinder
D:7 1 runed translucent door, jotaen's ghost, novice TrFi


Innate Abilities, Weirdness & Mutations

You have a pair of horns on your head.
You reflexively headbutt those who attack you in melee.


Message History

The eight-headed hydra barely misses you.
The eight-headed hydra bites you.
The eight-headed hydra bites you but does no damage.
The eight-headed hydra barely misses you.
There is a staircase back to the Dungeon, spattered with blood here.
You block the water moccasin's attack. You block the cane toad's attack.
The eight-headed hydra bites you!
You block the eight-headed hydra's attack.
The eight-headed hydra bites you! x2
The eight-headed hydra completely misses you.
The eight-headed hydra barely misses you.
The eight-headed hydra bites you. x2
You climb upwards.
Welcome back to the Dungeon!
There is a staircase to the Lair, spattered with blood here.
You block the water moccasin's attack.
You block the eight-headed hydra's attack.
The eight-headed hydra misses you.
The eight-headed hydra barely misses you.
The eight-headed hydra bites you but does no damage.
The eight-headed hydra barely misses you.
The eight-headed hydra closely misses you.
You block the eight-headed hydra's attack.
The eight-headed hydra bites you!
You closely miss the water moccasin. You block the water moccasin's attack.
You hit the eight-headed hydra but do no damage.
You barely miss the eight-headed hydra. The eight-headed hydra bites you!
The eight-headed hydra bites you.
You block the eight-headed hydra's attack.
The eight-headed hydra barely misses you.
The eight-headed hydra bites you!
* * * LOW HITPOINT WARNING * * *
You block the eight-headed hydra's attack.
The eight-headed hydra bites you.
* * * LOW HITPOINT WARNING * * *
The eight-headed hydra bites you!
* * * LOW HITPOINT WARNING * * *
You barely miss the eight-headed hydra. You headbutt the eight-headed hydra.
The eight-headed hydra is lightly wounded.
The eight-headed hydra bites you!
You die...

....####.....# #.## ##... ...##
#.....# ##..### ##.. ..## #.....#
#.....## ##. ..## ##.....##
#......## ## ...####.......#
#.......# ## ....##....#...#
#.......## ##. ..............##
#........# ##.#
#.......###...F####........###...
###....## #...SD@##.......###....
###...## ##..####.......####.....
.......###...## ###....####......
.###....#.....## ####...........
.# #...........##########........
.# ##.....###...#.............###
.###.....## #.....≈≈≈≈≈≈.≈≈..##
.##......####.....≈.......≈..#
...##.....##......≈.#.###.≈.##


You could see an eight-headed hydra, a cane toad and a water moccasin.

Vanquished Creatures
  A two-headed ogre (D:10)
  2 cyclopes (D:11)
  Maurice (D:12)
  2 kobold demonologists (D:10)
  A cane toad (Lair:1)
  A rime drake (Lair:1)
  A komodo dragon (D:10)
  Psyche (D:7)
  3 trolls (D:11)
  2 hornets
  Prince Ribbit (D:6)
  Sigmund (D:6)
  A shadow (D:10)
  A spriggan (Lair:1)
  6 yaks (D:10)
  2 wyverns
  4 vampire mosquitoes (D:10)
  A steam dragon (D:6)
  2 water moccasins
  3 orc warriors
  2 black bears
  An ogre (D:6)
  3 centaurs
  2 phantoms
  A kobold brigand (D:10)
  A gnoll sergeant (D:9)
  A bullfrog (D:9)
  A wyvern zombie (D:6)
  6 scorpions
  A wyvern skeleton (D:6)
  5 wights
  4 killer bees
  7 howler monkeys
  3 bullfrog zombies (D:6)
  4 hounds
  7 orc priests
  A centaur skeleton (D:6)
  3 sleepcaps
  2 gnoll boudas (D:8)
  7 iguanas
  Natasha (thrice) (D:3)
  5 orc wizards
  A howler monkey skeleton (D:6)
  19 gnolls
  2 adders (D:2)
  2 white imps
  6 worms
  9 dart slugs
  29 orcs
  3 bats
  6 endoplasms
  5 goblins
  11 hobgoblins
  4 jackals (D:3)
  3 quokkas
  4 ball pythons
  3 frilled lizards
  21 kobolds
  8 rats
  A butterfly (D:4)
244 creatures vanquished.

Notes
Turn   | Place    | Note
-------+----------+-------------------------------------------
     0 | D:1      | MacCMillion the Minotaur Fighter began the quest for the
                  | Orb.
     0 | D:1      | Reached XP level 1. HP: 19/19 MP: 0/0
   175 | D:1      | Reached skill level 3 in Axes
   175 | D:1      | Reached XP level 2. HP: 23/26 MP: 1/1
  1018 | D:2      | Reached skill level 4 in Axes
  1056 | D:2      | Reached XP level 3. HP: 31/31 MP: 2/2
  1116 | D:2      | Reached skill level 5 in Axes
  1116 | D:2      | Reached XP level 4. HP: 34/39 MP: 3/3
  1726 | D:3      | Reached skill level 6 in Axes
  1729 | D:3      | Reached XP level 5. HP: 18/45 MP: 4/4
  1849 | D:3      | Found a faded altar of an unknown god.
  2043 | D:3      | Noticed Natasha
  2048 | D:3      | Killed Natasha
  2049 | D:3      | Reached skill level 7 in Axes
  2094 | D:3      | Found a broken altar of Ashenzari.
  2118 | D:3      | Noticed Natasha
  2124 | D:3      | Killed Natasha
  2125 | D:3      | Reached XP level 6. HP: 6/51 MP: 5/5
  2145 | D:3      | Noticed Natasha
  2152 | D:2      | HP: 2/51 [kobold/+0 short sword (2)]
  2435 | D:3      | Killed Natasha
  2655 | D:3      | Noticed Grinder
  2670 | D:4      | Reached skill level 8 in Axes
  2904 | D:4      | Found a shimmering altar of Xom.
  2951 | D:4      | Reached skill level 9 in Axes
  3041 | D:4      | Found a radiant altar of Vehumet.
  3053 | D:4      | Reached XP level 7. HP: 36/57 MP: 6/6
  3366 | D:4      | Found a staircase to the Ecumenical Temple.
  3459 | Temple   | Entered the Ecumenical Temple
  3714 | D:5      | Entered Level 5 of the Dungeon
  3846 | D:5      | Reached skill level 10 in Axes
  4002 | D:5      | Identified the +4 trident of Dugeatij {vamp, ^Fragile rC+
                  | Int+6 Stlth+}
  4042 | D:5      | Reached skill level 1 in Dodging
  4520 | D:5      | Reached XP level 8. HP: 40/67 MP: 7/7
  4770 | D:5      | Identified the amulet "Agummei" {RegenMP Int+5}
  4919 | D:6      | Noticed Prince Ribbit
  4928 | D:6      | Killed Prince Ribbit
  4929 | D:6      | Reached skill level 5 in Fighting
  4929 | D:6      | Reached skill level 5 in Armour
  5091 | D:6      | Noticed Sigmund
  5222 | Temple   | Became a worshipper of Qazlal Stormbringer
  5507 | D:6      | Reached skill level 1 in Invocations
  5510 | D:6      | Identified the +1 dagger of Massacring {flame, rC+}
  5522 | D:6      | Killed Sigmund
  5569 | D:6      | Reached skill level 11 in Axes
  5694 | D:6      | Reached XP level 9. HP: 68/78 MP: 9/9
  5889 | D:6      | Found a glowing golden altar of the Shining One.
  6141 | D:7      | Found Kulaerar's Weapon Shop.
  6169 | D:7      | Bought a +0 broad axe for 44 gold pieces
  6306 | D:7      | Reached * piety under Qazlal
  6565 | D:7      | Found a runed translucent door.
  6699 | D:7      | Noticed jotaen's ghost (novice TrFi)
  6729 | D:8      | Noticed Psyche
  6741 | D:7      | Killed Psyche
  7142 | D:8      | Reached skill level 12 in Axes
  7447 | D:8      | Found a blossoming altar of Fedhas.
  7893 | D:9      | Reached XP level 10. HP: 90/90 MP: 11/11
  8387 | D:10     | Entered Level 10 of the Dungeon
  8679 | D:10     | Found an iron altar of Okawaru.
  8680 | D:10     | Found a hide-covered altar of Uskayaw.
  8705 | D:10     | Reached ** piety under Qazlal
  8766 | D:10     | Found a staircase to the Lair.
  8943 | D:10     | Found a sacrificial altar of Ru.
  9029 | D:10     | Reached skill level 5 in Shields
  9455 | D:10     | Found Remmixin's Tremendous Tomes.
  9594 | D:10     | Reached skill level 13 in Axes
  9897 | D:10     | Reached skill level 10 in Fighting
  9909 | D:10     | Reached skill level 10 in Armour
 10147 | D:11     | Noticed a two-headed ogre
 10148 | D:11     | Noticed a cyclops
 10158 | D:11     | Noticed a cyclops
 10180 | D:10     | Killed a two-headed ogre
 10181 | D:10     | Reached XP level 11. HP: 99/99 MP: 12/12
 10502 | D:11     | Found a staircase to the Orcish Mines.
 10584 | D:11     | Identified the +0 robe of Jatitil {Will+ Int+4 Slay-4}
 10679 | D:11     | Reached skill level 14 in Axes
 10809 | D:12     | Noticed Maurice
 10814 | D:12     | Maurice stole 304 gold
 10819 | D:12     | Maurice stole a +4 ring of protection
 10821 | D:12     | Maurice stole a +0 buckler
 10830 | D:12     | Killed Maurice
 11074 | Lair:1   | Entered Level 1 of the Lair of Beasts
 11113 | Lair:1   | Noticed a spriggan rider
 11266 | Lair:1   | Noticed an eight-headed hydra
 11398 | D:10     | HP: 4/99 [eight-headed hydra (11)]
 11399 | D:10     | Slain by an eight-headed hydra

Illustrated notes

Levels and vault maps discovered:
D:1:      evilmike_arrival_rings, layout_loops_cross, minmay_heptomino_l4
D:2:      layout_loops_corners
D:3:      kennysheep_slugbush, layout_rooms, ashenzari_conservatory_becter,
          hellmonk_ecumenical_altar_pennies_from_heaven, minmay_crystal_room,
          grunt_ministairs_9, uniq_grinder, uniq_crazy_yiuf_cottage,
          uniq_natasha
D:4:      layout_layer_cave, xom_butterflies, nicolae_vehumet_altar_sigil,
          minmay_temple_entry_poolview, corexii_checkpoint
D:5:      layout_basic, minmay_manual_moon
D:6:      layout_cave_pools, tso_oasis_becter, serial_undead, serial_undead_d,
          serial_undead_d, serial_undead_c, serial_undead_f, serial_undead_a,
          uniq_prince_ribbit1, uniq_sigmund
D:7:      layout_rooms, serial_shops, shop, ebering_ghost_reflecting_pool
D:8:      layout_basic, general_overflow_altar, uniq_psyche
D:9:      layout_rooms
D:10:     layout_cave_pods, mainiacjoe_overflow_brackets, jmf_multi_god_temple,
          lair_entry_dummy, hangedman_decor_growths,
          nicolae_shop_i_like_big_books, st_stairs_14
D:11:     layout_big_octagon, orc_0_dummy, serial_column_ruins,
          column_ruins_circle_small, column_ruins_grid_2,
          column_ruins_open_small, column_ruins_columns_straight
D:12:     layout_rooms, enter_trove_0, uniq_josephine, uniq_maurice, uniq_azrael
Temple:   nicolae_temple_ecumenical_triangle
Lair:1:   gammafunk_lair_enchanted_lake, layout_gridlike,
          grunt_forest_large_clearings, lemuel_fruit_fields

Skill      XL: |  1  2  3  4  5  6  7  8  9 10 11 |
---------------+----------------------------------+-----
Shields        | 4 7 8 |  8.8
Axes           | 3 4 5 6 7 9 10 11 12 13 14 | 14.5
Armour         | 4 6 8 10 | 10.0
Dodging        | 2 3 |  3.0
Fighting       | 4 6 8 10 | 10.0
Invocations    | 2 3 |  3.0

Action                     |  1- 3 |  4- 6 |  7- 9 | 10-12 || total
---------------------------+-------+-------+-------+-------++-------
  Melee: War axe           |    60 |   138 |   270 |   243 ||   711
         Headbutt          |     6 |    15 |    59 |    53 ||   133
         Mace              |       |       |       |     4 ||     4
 Invoke: Upheaval          |       |       |       |     3 ||     3
    Use: Scroll            |       |       |    12 |       ||    12
 Armour: Scale mail        |    26 |   108 |    91 |       ||   225
         Plate armour      |       |       |    50 |   159 ||   209
         Chain mail        |       |       |    43 |       ||    43
  Dodge: Dodged            |    37 |    75 |   127 |    82 ||   321
  Block: Buckler           |     9 |    26 |    62 |    53 ||   150
         Kite shield       |       |       |       |    54 ||    54

Table legend: (Time is in decaauts)
 A = Elapsed time spent in this place.
 B = Non-inter-level travel time spent in this place.
 C = Inter-level travel time spent in this place.
 D = Time resting spent in this place.
 E = Time spent auto-exploring this place.
 F = Levels seen in this place.
 G = Mean time per level.
                   A        B        C        D        E       F      G
               +--------+--------+--------+--------+--------+-----+--------+
         Total |  11432 |  10751 |    681 |   3035 |   5938 |  14 |  816.6 |
       Dungeon |  11167 |  10518 |    649 |   2932 |   5877 |  12 |  930.6 |
        Temple |     45 |     14 |     31 |      0 |      0 |   1 |   45.0 |
          Lair |    220 |    220 |      0 |    103 |     61 |   1 |  220.0 |
               +--------+--------+--------+--------+--------+-----+--------+

Top non-repeatable levels by time:
    D:10: 1961 daAuts
     D:2: 1357 daAuts
     D:5: 1258 daAuts
     D:4: 1146 daAuts
     D:6: 967 daAuts
     D:7: 922 daAuts
     D:8: 854 daAuts
    D:11: 778 daAuts
     D:1: 764 daAuts
     D:3: 591 daAuts
     D:9: 536 daAuts
  Lair:1: 220 daAuts
  Temple: 45 daAuts
    D:12: 27 daAuts
